 Dungeon Crawl Stone Soup version 0.27-a0-412-g8dd771eca2 (console) character file.

Game seed: 1531158141627310055

136657 Garrluk the Zephyrmancer (level 17, -3/133 HPs)
             Began as a Gnoll Warper on Feb 24, 2021.
             Was the Champion of Cheibriados.
             Killed by the raging water
             ... invoked by a water nymph
              (13 damage)
             ... on level 3 of the Shoals.
             The game lasted 02:41:40 (22954 turns).

Garrluk the Zephyrmancer (Gnoll Warper)            Turns: 22954, Time: 02:41:40

Health: -3/133     AC: 10    Str: 25    XL:     17   Next: 22%
Magic:  19/33      EV: 26    Int: 35    God:    Cheibriados [******]
Gold:   2156       SH:  0    Dex: 27    Spells: 9/40 levels left

rFire    + + .     SeeInvis .     - Unarmed
rCold    . . .     Faith    .   (shield currently unavailable)
rNeg     + . .     Spirit   .   A - +0 acid dragon scales
rPois    +         Reflect  .   Z - -2 hat of the Alchemist {rElec rPois rF+ rC+ rN+ Will+ rMut rCorr}
rElec    +         Harm     .   j - scarf {repulsion}
rCorr    +         Rampage  .   (gloves currently unavailable)
rMut     +                      m - +2 pair of boots {Fly}
Will     ++...                  K - amulet of the acrobat
Stlth    +++++.....             X - ring "Tubotu" {Fire rPois}
HPRegen  0.32/turn              C - +4 ring of slaying
MPRegen  0.23/turn

@: blade hands (expiring), flying, studying Air Magic, repel missiles, very slow
A: distributed training, fangs 1, strong nose
a: Stop Flying, End Transformation, Renounce Religion, Bend Time, Temporal
Distortion, Slouch, Step From Time


You were on level 3 of the Shoals.
You worshipped Cheibriados.
Cheibriados was exalted by your worship.
You had blades for hands.
You visited 5 branches of the dungeon, and saw 28 of its levels.
You also visited: Bailey.

You collected 4340 gold pieces.
You spent 2184 gold pieces at shops.

Notes
Turn   | Place    | Note
-------+----------+-------------------------------------------
     0 | D:1      | Garrluk the Gnoll Warper began the quest for the Orb.
     0 | D:1      | Reached XP level 1. HP: 20/20 MP: 6/6
   213 | D:1      | Reached XP level 2. HP: 26/26 MP: 7/7
   761 | D:2      | Reached XP level 3. HP: 31/31 MP: 9/9
   768 | D:2      | Reached skill level 5 in Spellcasting
   916 | D:2      | Reached skill level 1 in Invocations
   975 | D:2      | Reached skill level 1 in Short Blades
   975 | D:2      | Reached skill level 1 in Long Blades
   975 | D:2      | Reached skill level 1 in Maces & Flails
   975 | D:2      | Reached skill level 1 in Polearms
   975 | D:2      | Reached skill level 1 in Staves
   975 | D:2      | Reached skill level 1 in Slings
   975 | D:2      | Reached skill level 1 in Bows
   975 | D:2      | Reached skill level 1 in Crossbows
   975 | D:2      | Reached skill level 1 in Stealth
   975 | D:2      | Reached skill level 1 in Shields
   975 | D:2      | Reached skill level 1 in Unarmed Combat
   975 | D:2      | Reached skill level 1 in Evocations
   986 | D:2      | Learned a level 2 spell: Blink
   990 | D:2      | Learned a level 3 spell: Teleport Other
  1044 | D:2      | Reached XP level 4. HP: 28/38 MP: 11/11
  1328 | D:2      | Reached skill level 1 in Conjurations
  1328 | D:2      | Reached skill level 1 in Hexes
  1328 | D:2      | Reached skill level 1 in Summonings
  1328 | D:2      | Reached skill level 1 in Necromancy
  1328 | D:2      | Reached skill level 1 in Transmutations
  1328 | D:2      | Reached skill level 1 in Fire Magic
  1328 | D:2      | Reached skill level 1 in Ice Magic
  1328 | D:2      | Reached skill level 1 in Air Magic
  1328 | D:2      | Reached skill level 1 in Earth Magic
  1328 | D:2      | Reached skill level 1 in Poison Magic
  1396 | D:3      | You fall into a shaft and drop 3 floors!
  1663 | D:6      | Noticed a centaur
  1664 | D:6      | Noticed a centaur
  1688 | D:5      | Entered Level 5 of the Dungeon
  1753 | D:5      | HP: 1/38 [adder zombie (4)]
  2090 | D:5      | Reached XP level 5. HP: 33/43 MP: 12/12
  2289 | D:5      | Found a shimmering altar of Xom.
  2480 | D:5      | Learned a level 1 spell: Beastly Appendage
  2881 | D:5      | Noticed a black bear
  2889 | D:5      | Killed a black bear
  2890 | D:5      | Reached XP level 6. HP: 50/50 MP: 14/14
  3055 | D:4      | Reached skill level 5 in Fighting
  3055 | D:4      | Reached skill level 5 in Axes
  3055 | D:4      | Reached skill level 5 in Dodging
  3979 | D:4      | Reached XP level 7. HP: 56/56 MP: 13/15
  4300 | D:4      | Found a runed translucent gate.
  4301 | D:4      | Found a runed translucent gate.
  4302 | D:4      | Found a runed translucent gate.
  4303 | D:4      | Noticed Garrluk's ghost (amateur DEFE)
  4304 | D:4      | Noticed TimeIsEndless's ghost (amateur DsFi)
  4320 | D:4      | Found a sacrificial altar of Ru.
  4416 | D:4      | Killed Garrluk's ghost
  4417 | D:4      | Reached skill level 2 in Air Magic
  4426 | D:4      | Killed TimeIsEndless's ghost
  4513 | D:4      | Found a staircase to the Ecumenical Temple.
  4522 | Temple   | Entered the Ecumenical Temple
  4568 | Temple   | Became a worshipper of Cheibriados the Contemplative
  4830 | D:6      | Reached XP level 8. HP: 51/63 MP: 16/16
  5462 | D:7      | Reached * piety under Cheibriados
  5523 | D:7      | Reached skill level 3 in Air Magic
  5559 | D:7      | Found a basalt altar of Yredelemnul.
  5565 | D:7      | Found a glowing silver altar of Zin.
  6267 | D:8      | Noticed a brown ugly thing
  6294 | D:8      | Found an ornate altar of the Wu Jian Council.
  6392 | D:8      | Reached XP level 9. HP: 28/69 MP: 18/18
  6395 | D:8      | Reached ** piety under Cheibriados
  6489 | D:8      | Killed a brown ugly thing
  6490 | D:8      | Reached skill level 4 in Air Magic
  6510 | D:8      | Found a flagged portal.
  6519 | Bailey   | Entered a bailey
  6688 | Bailey   | Reached skill level 5 in Throwing
  6688 | Bailey   | Reached skill level 5 in Armour
  7045 | Bailey   | Reached *** piety under Cheibriados
  7179 | Bailey   | Noticed an orc knight
  7179 | Bailey   | Noticed an orc knight
  7189 | Bailey   | Killed an orc knight
  7190 | Bailey   | Reached skill level 5 in Invocations
  7205 | Bailey   | Killed an orc knight
  7206 | Bailey   | Reached skill level 5 in Air Magic
  7206 | Bailey   | Reached XP level 10. HP: 43/77 MP: 20/20
  7311 | Bailey   | Reached **** piety under Cheibriados
  7312 | Bailey   | Reached skill level 5 in Short Blades
  7312 | Bailey   | Reached skill level 5 in Long Blades
  7312 | Bailey   | Reached skill level 5 in Maces & Flails
  7312 | Bailey   | Reached skill level 5 in Polearms
  7312 | Bailey   | Reached skill level 5 in Staves
  7312 | Bailey   | Reached skill level 5 in Slings
  7312 | Bailey   | Reached skill level 5 in Bows
  7312 | Bailey   | Reached skill level 5 in Crossbows
  7312 | Bailey   | Reached skill level 5 in Stealth
  7312 | Bailey   | Reached skill level 5 in Shields
  7312 | Bailey   | Reached skill level 5 in Unarmed Combat
  7312 | Bailey   | Reached skill level 5 in Evocations
  7702 | Bailey   | Noticed an orc warlord
  7717 | Bailey   | Killed an orc warlord
  7718 | Bailey   | Reached skill level 6 in Air Magic
  7735 | Bailey   | Learned a level 2 spell: Wereblood
  7740 | Bailey   | Learned a level 4 spell: Manifold Assault
  7745 | Bailey   | Learned a level 4 spell: Ice Form
  7751 | Bailey   | Learned a level 5 spell: Blade Hands
  7840 | Bailey   | Identified 2 scrolls of acquirement
  7840 | Bailey   | Acquired 827 gold pieces
  7844 | Bailey   | Acquired a +2 pair of boots of flying
  8176 | D:8      | Noticed Maggie
  8192 | D:8      | Killed Maggie
  8315 | D:8      | Got a warped dagger
  8316 | D:8      | Identified the +6 dagger "Byam" {drain, rPois rC++} (You
                  | found it on level 8 of the Dungeon)
  8744 | D:9      | Noticed Gastronok
  8772 | D:9      | Killed Gastronok
  8773 | D:9      | Reached skill level 5 in Conjurations
  8773 | D:9      | Reached skill level 5 in Hexes
  8773 | D:9      | Reached skill level 5 in Summonings
  8773 | D:9      | Reached skill level 5 in Necromancy
  8773 | D:9      | Reached skill level 5 in Transmutations
  8773 | D:9      | Reached skill level 5 in Fire Magic
  8773 | D:9      | Reached skill level 5 in Ice Magic
  8773 | D:9      | Reached skill level 5 in Earth Magic
  8773 | D:9      | Reached skill level 5 in Poison Magic
  8773 | D:9      | Reached XP level 11. HP: 73/85 MP: 21/23
  8811 | D:9      | Reached ***** piety under Cheibriados
  8963 | D:9      | Reached skill level 7 in Air Magic
  8974 | D:9      | Noticed a two-headed ogre
  8987 | D:9      | Killed a two-headed ogre
  9137 | D:9      | Found a sparkling altar of Nemelex Xobeh.
  9139 | D:9      | Found an iron altar of Okawaru.
  9139 | D:9      | Found an ancient bone altar of Kikubaaqudgha.
  9148 | D:9      | Found a white marble altar of Elyvilon.
  9148 | D:9      | Found a burning altar of Makhleb.
  9354 | D:9      | Found a stormy altar of Qazlal.
  9354 | D:9      | Found a broken altar of Ashenzari.
  9355 | D:9      | Found an opulent altar of Gozag.
  9657 | D:10     | Entered Level 10 of the Dungeon
  9783 | D:10     | Noticed Urug
  9806 | D:10     | Killed Urug
  9849 | D:10     | Noticed a tengu warrior
  9859 | D:10     | Killed a tengu warrior
  9889 | D:10     | Noticed an ogre mage
  9904 | D:10     | Killed an ogre mage
  9905 | D:10     | Reached XP level 12. HP: 85/94 MP: 24/24
  9960 | D:10     | Got a bloodstained chain mail
  9971 | D:10     | Identified the +2 chain mail of the Vacuum {+Blink} (You
                  | found it on level 10 of the Dungeon)
 10026 | D:10     | Noticed a death yak
 10026 | D:10     | Noticed a death yak
 10026 | D:10     | Noticed a death yak
 10026 | D:10     | Noticed a death yak
 10026 | D:10     | Noticed a death yak
 10027 | D:10     | Noticed a death yak
 10046 | D:10     | Killed a death yak
 10050 | D:10     | Noticed a death yak
 10057 | D:10     | Killed a death yak
 10058 | D:10     | Reached skill level 8 in Air Magic
 10060 | D:10     | Noticed a death yak
 10076 | D:10     | Killed a death yak
 10079 | D:10     | Killed a death yak
 10115 | D:10     | Killed a death yak
 10116 | D:10     | Killed a death yak
 10122 | D:10     | Killed a death yak
 10124 | D:10     | Killed a death yak
 10131 | D:10     | Found a staircase to the Lair.
 10611 | D:11     | Reached ****** piety under Cheibriados
 10984 | D:11     | Found a staircase to the Orcish Mines.
 11065 | D:11     | Noticed a centaur warrior
 11075 | D:11     | Killed a centaur warrior
 11081 | D:11     | Reached skill level 9 in Air Magic
 11154 | D:11     | Reached XP level 13. HP: 93/101 MP: 3/26
 11186 | Orc:1    | Entered Level 1 of the Orcish Mines
 11594 | Lair:1   | Entered Level 1 of the Lair of Beasts
 12018 | Lair:1   | Learned a level 3 spell: Gell's Gravitas
 12022 | Lair:1   | Learned a level 3 spell: Ozocubu's Armour
 12026 | Lair:1   | Learned a level 3 spell: Lesser Beckoning
 12556 | Lair:2   | Reached skill level 10 in Spellcasting
 12814 | Lair:3   | Reached skill level 10 in Air Magic
 12951 | Lair:3   | Reached XP level 14. HP: 84/109 MP: 28/28
 13018 | Lair:3   | Reached skill level 10 in Fighting
 13018 | Lair:3   | Reached skill level 10 in Axes
 13018 | Lair:3   | Reached skill level 10 in Dodging
 13058 | Lair:3   | Found a staircase to the Shoals.
 13163 | Lair:3   | You are sucked into a shaft and drop 3 floors!
 13163 | Lair:6   | Entered Level 6 of the Lair of Beasts
 13401 | Lair:6   | Reached skill level 10 in Invocations
 13479 | Lair:6   | Got a faintly glowing dagger
 13480 | Lair:6   | Identified the +6 dagger "Ywimnid" {protect, Will+ Str+5
                  | Dex+3} (You found it on level 6 of the Lair of Beasts)
 13788 | Lair:6   | Found a staircase to the Slime Pits.
 13788 | Lair:6   | Found a viscous altar of Jiyva.
 14497 | Lair:5   | Got a brightly glowing chain mail
 14508 | Lair:5   | Identified the +3 chain mail "Qoothraop" {Harm rElec rCorr
                  | Stlth-} (You found it on level 5 of the Lair of Beasts)
 14789 | Lair:4   | Reached skill level 11 in Air Magic
 14806 | Lair:4   | Reached skill level 10 in Throwing
 14806 | Lair:4   | Reached skill level 10 in Armour
 14976 | Lair:4   | Reached XP level 15. HP: 97/117 MP: 24/29
 15089 | Lair:4   | Noticed Kirke
 15094 | Lair:4   | Killed Kirke
 15170 | Lair:4   | Found a staircase to the Snake Pit.
 15503 | Orc:1    | Reached skill level 10 in Translocations
 15612 | Orc:1    | Paralysed by an orc sorcerer for 7 turns
 15783 | Orc:1    | Paralysed by an orc sorcerer for 3 turns
 15984 | Orc:2    | Entered Level 2 of the Orcish Mines
 16005 | Orc:2    | Found Xuythrusa's Book Boutique.
 16077 | Orc:2    | Found Nusas's Jewellery Emporium.
 16091 | Orc:2    | Found a staircase to the Elven Halls.
 16126 | Orc:2    | Bought the ring "Tubotu" {Fire rPois} for 398 gold pieces
 16151 | Orc:2    | Found Zobunneo's General Store.
 16154 | Orc:2    | Bought a scroll of fear for 42 gold pieces
 16154 | Orc:2    | Bought a scroll of fog for 24 gold pieces
 16347 | Orc:2    | Reached skill level 10 in Short Blades
 16347 | Orc:2    | Reached skill level 10 in Long Blades
 16347 | Orc:2    | Reached skill level 10 in Maces & Flails
 16347 | Orc:2    | Reached skill level 10 in Polearms
 16347 | Orc:2    | Reached skill level 10 in Staves
 16347 | Orc:2    | Reached skill level 10 in Slings
 16347 | Orc:2    | Reached skill level 10 in Bows
 16347 | Orc:2    | Reached skill level 10 in Crossbows
 16347 | Orc:2    | Reached skill level 10 in Stealth
 16347 | Orc:2    | Reached skill level 10 in Shields
 16347 | Orc:2    | Reached skill level 10 in Unarmed Combat
 16347 | Orc:2    | Reached skill level 10 in Evocations
 16718 | Orc:2    | Found Sycosov's Armour Boutique.
 16718 | Orc:2    | Found Yciphic's Distillery.
 17307 | Orc:2    | Found Duydd's Assorted Antiques.
 17317 | Orc:2    | Bought a scroll of identify for 58 gold pieces
 17352 | Orc:2    | Found Udang's Assorted Antiques.
 17354 | Orc:2    | Bought the -2 hat of the Alchemist {rElec rPois rF+ rC+ rN+
                  | Will+ rMut rCorr} for 802 gold pieces
 17354 | Orc:2    | Found the -2 hat of the Alchemist {rElec rPois rF+ rC+ rN+
                  | Will+ rMut rCorr}
 17370 | Orc:2    | Bought 2 potions of mutation for 240 gold pieces
 17370 | Orc:2    | Bought a potion of might for 60 gold pieces
 17370 | Orc:2    | Bought a potion of might for 60 gold pieces
 17370 | Orc:2    | Bought 2 potions of magic for 240 gold pieces
 17372 | Orc:2    | Found Wadonlon's Weapon Shop.
 17376 | Orc:2    | Bought a potion of resistance for 260 gold pieces
 17924 | D:12     | Noticed Psyche
 17927 | D:12     | Killed Psyche
 17980 | D:12     | Noticed Josephine
 17982 | D:12     | Noticed Nergalle
 17988 | D:12     | Killed Nergalle
 17990 | D:12     | Killed Josephine
 18082 | D:12     | Reached skill level 12 in Air Magic
 18082 | D:12     | Reached XP level 16. HP: 113/125 MP: 15/31
 18147 | D:12     | Learned a level 1 spell: Apportation
 18237 | D:12     | Found a runed translucent door.
 18587 | D:13     | Noticed Snorg
 18598 | D:13     | Killed Snorg
 18981 | D:13     | Identified the +4 barding of Vevuab {rC- Str+5 Dex+3} (You
                  | found it on level 13 of the Dungeon)
 19066 | D:13     | Noticed Frances
 19074 | D:13     | Killed Frances
 19752 | D:14     | Found an ornate altar of the Wu Jian Council.
 19789 | D:14     | Found a white marble altar of Elyvilon.
 19805 | D:14     | Found a gate to the Vaults.
 19965 | D:14     | Noticed Agnes
 19973 | D:14     | Killed Agnes
 20471 | D:14     | Found an opulent altar of Gozag.
 20918 | D:15     | Entered Level 15 of the Dungeon
 21008 | D:15     | Found a staircase to the Depths.
 21134 | D:15     | Acquired 378 gold pieces
 21144 | D:15     | Noticed Rupert
 21172 | D:15     | Killed Rupert
 21595 | D:15     | Found a shadowy altar of Dithmenos.
 21637 | D:15     | Noticed Jorgrun
 21653 | D:15     | Killed Jorgrun
 22133 | Shoals:1 | Entered Level 1 of the Shoals
 22186 | Shoals:1 | Reached XP level 17. HP: 133/133 MP: 10/33
 22359 | Shoals:1 | You are sucked into a shaft and drop 1 floor!
 22885 | Shoals:4 | Entered Level 4 of the Shoals
 22925 | Shoals:4 | Reached skill level 13 in Air Magic
 22938 | Shoals:4 | HP: 2/133 [drowned by a water nymph (11)]
 22951 | Shoals:3 | HP: 2/133 [water nymph/the raging water (14)]
 22954 | Shoals:3 | Killed from afar by a water nymph

Inventory:

Hand Weapons
 a - the +6 dagger "Byam" (melded) {drain, rPois rC++}
   (You found it on level 8 of the Dungeon)

   A truly terrible weapon, it drains the life of those it strikes.
   It greatly protects you from cold.
   It protects you from poison.
 b - a +0 hunting sling
   (You found it on level 7 of the Dungeon)
Missiles
 c - 112 poisoned darts (quivered)
 e - 5 boomerangs of dispersal
 h - 52 sling bullets
 n - 19 curare-tipped darts
 B - 13 atropa-tipped darts
 H - 8 javelins
Armour
 j - a scarf of repulsion (worn)
   (You found it on level 1 of the Dungeon)
 m - a +2 pair of boots of flying (worn)
   (You acquired it in a bailey)
 A - +0 acid dragon scales (worn)
   (You took it off Maggie on level 8 of the Dungeon)
 D - a +1 buckler of protection (melded)
   (You took it off a tengu warrior on level 10 of the Dungeon)
 I - a +1 pair of gloves of archery (melded)
   (You found it on level 6 of the Lair of Beasts)
 J - a scarf of invisibility
   (You found it on level 6 of the Dungeon)
 P - a scarf of resistance
   (You found it on level 10 of the Dungeon)
 V - a +2 robe of willpower
   (You took it off an orc wizard on level 9 of the Dungeon)
 Z - the -2 hat of the Alchemist (worn) {rElec rPois rF+ rC+ rN+ Will+ rMut rCorr}
   (You bought it in a shop on level 2 of the Orcish Mines)

   It protects you from fire.
   It protects you from cold.
   It insulates you from electricity.
   It protects you from poison.
   It protects you from negative energy.
   It affects your willpower, your defense against some magical effects.
   It provides partial protection from all sources of acid and corrosion.
   It protects you from mutation.
Jewellery
 q - an amulet of regeneration
   (You found it on level 12 of the Dungeon)
 z - a ring of protection from cold
   (You found it on level 1 of the Shoals)
 C - a +4 ring of slaying (right scythe-like blade)
   (You found it on level 4 of the Dungeon)
 F - an amulet of reflection
   (You found it on level 3 of the Lair of Beasts)
 K - an amulet of the acrobat (around neck)
   (You found it on level 7 of the Dungeon)
 X - the ring "Tubotu" (left scythe-like blade) {Fire rPois}
   (You bought it in a shop on level 2 of the Orcish Mines)

   [ring of fire]

   It enhances your fire magic.
   It protects you from fire.
   It makes you vulnerable to cold.
   It protects you from poison.
Wands
 r - a wand of paralysis (7)
   (You found it on level 8 of the Dungeon)
 u - a wand of digging (2)
   (You took it off Urug on level 10 of the Dungeon)
 v - a wand of iceblast (6)
   (You took it off Maggie on level 8 of the Dungeon)
 G - a wand of acid (8)
   (You found it on level 10 of the Dungeon)
 R - a wand of charming (18)
   (You took it off an orc wizard on level 8 of the Dungeon)
Scrolls
 d - 4 scrolls of blinking
 f - 2 scrolls of identify
 l - 4 scrolls of teleportation
 s - a scroll of immolation
 y - 8 scrolls of enchant armour
 S - 4 scrolls of fog
 T - 4 scrolls of magic mapping
 U - 4 scrolls of amnesia
Potions
 g - 7 potions of mutation
 i - 6 potions of might
 k - 3 potions of ambrosia
 o - 7 potions of curing
 p - 4 potions of attraction
 w - a potion of cancellation
 x - 2 potions of resistance
 E - 4 potions of brilliance
 M - a potion of invisibility
 O - 3 potions of magic
Miscellaneous
 N - a phial of floods
   (You found it on level 1 of the Lair of Beasts)
 Y - a tin of tremorstones (2/2)
   (You found it on level 1 of the Lair of Beasts)

Table legend: (Time is in decaauts)
 A = Elapsed time spent in this place.
 B = Non-inter-level travel time spent in this place.
 C = Inter-level travel time spent in this place.
 D = Time resting spent in this place.
 E = Time spent auto-exploring this place.
 F = Levels seen in this place.
 G = Mean time per level.
                   A        B        C        D        E       F      G
               +--------+--------+--------+--------+--------+-----+--------+
         Total |  31969 |  29276 |   2693 |   3867 |   2917 |  29 | 1102.4 |
       Dungeon |  19881 |  17868 |   2013 |   1995 |   2020 |  15 | 1325.4 |
        Temple |     63 |     50 |     13 |      0 |      0 |   1 |   63.0 |
          Lair |   6248 |   5712 |    536 |    220 |     14 |   6 | 1041.3 |
        Shoals |   1126 |   1126 |      0 |    348 |      0 |   4 |  281.5 |
  Orcish Mines |   2907 |   2778 |    129 |    634 |    763 |   2 | 1453.5 |
        Bailey |   1742 |   1742 |      0 |    669 |    120 |   1 | 1742.0 |
               +--------+--------+--------+--------+--------+-----+--------+

Top non-repeatable levels by time:
    D:14: 2197 daAuts
    D:13: 2191 daAuts
    D:11: 1901 daAuts
   Orc:2: 1895 daAuts
  Bailey: 1742 daAuts
    D:10: 1664 daAuts
     D:5: 1488 daAuts
     D:7: 1464 daAuts
     D:8: 1450 daAuts
     D:9: 1351 daAuts
  Lair:6: 1265 daAuts
     D:4: 1233 daAuts
    D:15: 1193 daAuts
  Lair:5: 1169 daAuts
    D:12: 1080 daAuts


   Skills:
 + Level 12.1 Fighting
 + Level 11.3 Short Blades
 + Level 11.3 Long Blades
 + Level 12.1 Axes
 + Level 11.3 Maces & Flails
 + Level 11.3 Polearms
 + Level 11.3 Staves
 + Level 11.3 Slings
 + Level 11.3 Bows
 + Level 11.3 Crossbows
 + Level 11.6 Throwing
 + Level 11.6 Armour
 + Level 12.1 Dodging
 + Level 11.3 Stealth
 + Level 11.3 Shields
 + Level 11.3 Unarmed Combat
 + Level 12.2 Spellcasting
 + Level 9.7 Conjurations
 + Level 9.7 Hexes
 + Level 9.7 Summonings
 + Level 9.7 Necromancy
 + Level 11.0 Translocations
 + Level 9.7 Transmutations
 + Level 9.7 Fire Magic
 + Level 9.7 Ice Magic
 + Level 13.0 Air Magic
 + Level 9.7 Earth Magic
 + Level 9.7 Poison Magic
 + Level 12.2 Invocations
 + Level 11.3 Evocations


You had 9 spell levels left.
You knew the following spells:

 Your Spells              Type           Power        Failure   Level
a - Beastly Appendage     Tmut           100%         5%          1
b - Blink                 Tloc           N/A          5%          2
c - Teleport Other        Tloc           78%          6%          3
d - Wereblood             Tmut           74%          6%          2
e - Manifold Assault      Tloc           78%          10%         4
f - Ice Form              Ice/Tmut       74%          11%         4
h - Gell's Gravitas       Tloc           39%          6%          3
i - Ozocubu's Armour      Ice            74%          8%          3
j - Lesser Beckoning      Tloc           39%          6%          3
w - Apportation           Tloc           100%         4%          1
A - Blade Hands           Tmut           37%          16%         5

Your spell library contained the following spells:

 Spells                   Type           Power        Failure   Level
 Poisonous Vapours        Pois/Air       100%         4%          2
 Freeze                   Ice            100%         5%          1
 Mephitic Cloud           Conj/Pois/Air  77%          7%          3
 Conjure Flame            Conj/Fire      94%          8%          3
 Frozen Ramparts          Ice            100%         8%          3
 Ignite Poison            Fire/Tmut/Pois 94%          8%          3
 Spider Form              Tmut/Pois      37%          8%          3
 Tukima's Dance           Hex            74%          8%          3
 Hailstorm                Conj/Ice       74%          11%         4
 Summon Ice Beast         Ice/Summ       74%          11%         4
 Alistair's Intoxication  Tmut/Pois      49%          16%         5
 Fireball                 Conj/Fire      47%          16%         5
 Metabolic Englaciation   Hex/Ice        37%          16%         5
 Freezing Cloud           Conj/Ice/Air   38%          30%         6
 Invisibility             Hex            74%          36%         6
 Simulacrum               Ice/Necr       37%          36%         6
 Starburst                Conj/Fire      47%          36%         6
 Ozocubu's Refrigeration  Ice            37%          77%         7
 Ignition                 Fire           47%          99%         8


Dungeon Overview and Level Annotations

Branches:
Dungeon (15/15)            Temple (1/1) D:4            Lair (6/6) D:10
 Shoals (4/4) Lair:3        Snake (0/4) Lair:4        Slime (0/5) Lair:6
    Orc (2/2) D:11            Elf (0/3) Orc:2        Vaults (0/5) D:14
 Depths (0/5) D:15         Bailey (visited)

Altars:
Ashenzari
Cheibriados
Dithmenos
Elyvilon
Fedhas
Gozag
Hepliaklqana
Kikubaaqudgha
Makhleb
Nemelex Xobeh
Okawaru
Qazlal
Ru
Sif Muna
Trog
Uskayaw
Vehumet
Wu Jian
Xom
Yredelemnul
Zin
The Shining One
Jiyva

Shops:
Orc:2 *=!*(:[*


Innate Abilities, Weirdness & Mutations

Your experience applies equally to all skills.
You have very sharp teeth.
Your uncanny sense of smell can sniff out nearby items.


Message History

You fly upwards.
A manticore, a merfolk and a water nymph come into view.
Found a paperback book, a robe and 21 stones.
There is a stone staircase leading down here.
The water nymph shouts!
The water nymph casts a spell at you. The water rises up and strikes you!!
* * * LOW HITPOINT WARNING * * *
The manticore completely misses you. x5; The manticore closely misses you.
Casting: Manifold Assault (dangerous; 10% risk of failure)
Confirm with . or Enter, or press ? or * to list all spells.
Okay, then.
You slice the manticore!! You slash the manticore!
You bite the manticore, but do no damage.
The manticore is almost dead.
The merfolk shouts!
You slash the manticore!
You kill the manticore!
Cheibriados appreciates the change of pace.
The merfolk hits you from afar with a +0 trident.
* * * LOW HITPOINT WARNING * * *
The merfolk completely misses you. The water nymph casts a spell at you.
The water rises up and strikes you!
* * * LOW HITPOINT WARNING * * *
The merfolk completely misses you.
You see here a manticore corpse.
You slice the merfolk!! You bite the merfolk.
The merfolk is severely wounded.
Your transformation is almost over.
The water nymph's watery aura covers the stone staircase leading down.
The merfolk completely misses you.
You feel better. The merfolk barely misses you.
You slash the merfolk! You slash the merfolk.
You kill the merfolk!
Cheibriados appreciates the change of pace.
You hear a splash. x2
The water nymph casts a spell at you. The water rises up and strikes you!
You die...

≈≈≈≈..# #....≈≈≈≈
≈≈≈≈...###......≈≈≈≈
..≈≈...#...≈≈....≈≈≈
≈≈≈≈......≈.......≈≈
≈≈≈≈..........##....
≈
≈≈≈≈≈....(...##...#
≈.
≈≈≈≈≈≈.....≈......#.
≈≈.
≈≈≈≈≈≈)@≈≈≈≈........
≈≈≈≈
≈≈≈..:≈≈≈≈m.........
≈≈≈≈≈
≈≈....≈≈≈≈≈≈≈≈≈≈≈..≈
≈≈≈≈≈≈
≈..#..≈≈..[.≈≈≈≈≈..≈
≈...≈≈≈ ≈.
#...≈....≈≈≈≈≈..≈
≈..≈≈≈≈≈ ≈
......###.≈≈≈≈≈.≈≈
≈≈≈≈≈≈≈≈ ≈......#
#.≈≈≈≈..≈≈ ≈≈...≈≈≈
≈≈≈....# #...≈..≈≈≈
≈≈..≈≈≈≈ ........≈≈
≈≈≈≈≈≈≈≈ .≈≈≈..≈≈


You could see a water nymph.

Table legend:
 A = Kills in this place as a percentage of kills in entire the game.
 B = Kills by you in this place as a percentage of kills by you in the entire game.
 C = Kills by friends in this place as a percentage of kills by friends in the entire game.
 D = Other kills in this place as a percentage of other kills in the entire game.
 E = Experience gained in this place as a percentage of experience gained in the entire game.
 F = Experience gained in this place divided by the number of levels of this place that you have seen.
                   A       B       C       D       E      F
               +-------+-------+-------+-------+-------+----------------------
         Total | 100.0 | 100.0 |   N/A |   N/A | 100.0 | 6742.0
       Dungeon |  57.5 |  57.5 |   N/A |   N/A |  45.4 | 5913.2
          Lair |  21.0 |  21.0 |   N/A |   N/A |  31.4 | 10237.0
        Shoals |   4.1 |   4.1 |   N/A |   N/A |   9.1 | 4444.5
  Orcish Mines |  10.2 |  10.2 |   N/A |   N/A |  11.7 | 11421.5
        Bailey |   7.2 |   7.2 |   N/A |   N/A |   2.4 | 4777.0
               +-------+-------+-------+-------+-------+----------------------

Vanquished Creatures
  Monster Symbol All ' '
  The ghost of Garrluk the Magician, an amateur DEFE (D:4)
  The ghost of TimeIsEndless the Skirmisher, an amateur DsFi (D:4)
2 creatures vanquished. All '3' A sixfirhy (D:12)
1 creature vanquished. All '5' 2 quasits 4 white imps
6 creatures vanquished. All '9' 7 gargoyles
7 creatures vanquished. All ';' 2 electric eels
2 creatures vanquished. All '@' Rupert (D:15) Kirke (Lair:4) Frances (D:13) Josephine (D:12) Maggie (D:8) Psyche (D:12)
6 creatures vanquished. All 'B' 4 boulder beetles 6 worker ants 5 giant cockroaches
15 creatures vanquished. All 'C' 8 cyclopes
8 creatures vanquished. All 'D' A fire dragon (D:15) An ice dragon (D:15) 13 hydras An acid dragon (D:12)
16 creatures vanquished. All 'E' 2 water elementals (Shoals:2)
2 creatures vanquished. All 'F' 30 cane toads 36 blink frogs 28 bullfrogs
94 creatures vanquished. All 'G' A golden eye (shapeshifter) (D:15) A floating eye (D:12) An eye of draining (shapeshifter) (D:15) An eye of draining (D:15)
4 creatures vanquished. All 'H' 8 manticores
8 creatures vanquished. All 'J' A slime creature (D:14) 4 jellies
5 creatures vanquished. All 'K' 4 kobold demonologists 6 kobold brigands 23 kobolds
33 creatures vanquished. All 'O' 12 two-headed ogres 3 ogre magi 35 ogres
50 creatures vanquished. All 'P' 2 bushes (Lair:6) 31 fungi 113 plants 4 withered plants (D:4)
150 creatures vanquished. All 'Q' 3 tengu warriors
3 creatures vanquished. All 'S' A sea snake (Shoals:1) 6 black mambas 15 water moccasins 18 adders 3 ball pythons
43 creatures vanquished. All 'T' Snorg (D:13) 2 deep trolls (Orc:2) 13 trolls
16 creatures vanquished. All 'V' A vampire (D:12)
1 creature vanquished. All 'W' 2 shadows (D:11) 5 wraiths (D:12) 2 phantoms
9 creatures vanquished. All 'Y' 3 catoblepae 8 death yaks (D:10) 3 dream sheep (Shoals:1) 41 yaks 2 sky beasts 6 ice beasts
63 creatures vanquished. All 'Z' A harpy skeleton (D:15) A meliai zombie (D:14) 2 wyvern zombies 5 troll zombies (D:11) 5 centaur zombies 4 bullfrog skeletons 3 centaur skeletons 3 ogre zombies (D:11) A worker ant zombie (D:8) 2 adder zombies 2 adder skeletons A goblin skeleton (D:11) A goblin zombie (D:11) 2 hobgoblin skeletons (D:11) 2 hobgoblin zombies (D:11) 3 leopard gecko skeletons A leopard gecko zombie (D:5) 3 orc skeletons (D:11) 16 orc zombies (D:11) 3 quokka skeletons (D:4) A quokka zombie (D:8)
62 creatures vanquished. All 'b' 8 bats
8 creatures vanquished. All 'c' 3 centaur warriors 3 satyrs (Shoals:4) 4 fauns 11 centaurs
21 creatures vanquished. All 'e' A deep elf pyromancer (D:12)
1 creature vanquished. All 'g' Jorgrun (D:15) 2 boggarts A gnoll sergeant (D:13) 10 gnolls 32 goblins 24 hobgoblins
70 creatures vanquished. All 'h' A polar bear (shapeshifter) (D:14) 4 polar bears 5 hogs (Lair:4) 2 wargs 5 black bears 8 wolves 5 howler monkeys 10 hounds 4 jackals
44 creatures vanquished. All 'i' Agnes (D:14) 2 spriggans (Lair:5)
3 creatures vanquished. All 'k' 2 rime drakes 3 wind drakes
5 creatures vanquished. All 'l' 9 komodo dragons 6 basilisks 4 wyverns 2 iguanas 6 leopard geckos 4 frilled lizards
31 creatures vanquished. All 'm' A merfolk avatar (Shoals:1) A merfolk aquamancer (Shoals:2) 3 merfolk sirens 2 water nymphs 8 merfolk
15 creatures vanquished. All 'o' An orc warlord (Bailey) Urug (D:10) An orc high priest (Orc:1) Nergalle (D:12) 5 orc knights 3 orc sorcerers 36 orc warriors 16 orc priests 22 orc wizards 110 orcs
196 creatures vanquished. All 'p' 4 vault guards (D:14)
4 creatures vanquished. All 'r' 4 hell rats (Lair:4) 6 quokkas 9 rats
19 creatures vanquished. All 's' A wolf spider (D:13) 3 scorpions
4 creatures vanquished. All 't' A fire crab (Lair:5) 3 snapping turtles
4 creatures vanquished. All 'u' 5 ugly things
5 creatures vanquished. All 'w' Gastronok (D:9) A torpor snail (Lair:5) 4 tyrant leeches (Lair:6) 3 worms A dart slug (D:1)
10 creatures vanquished. All 'x' An unseen horror (D:11)
1 creature vanquished. All 'y' A moth of wrath (shapeshifter) (D:13) A meliai (D:13) A queen bee (D:9) 2 hornets 6 vampire mosquitoes (Lair:6) 38 killer bees
49 creatures vanquished. All 'z' 14 wights
14 creatures vanquished.
1110 creatures vanquished. Monster Nature Uniques Rupert (D:15) Jorgrun (D:15) Kirke (Lair:4) Gastronok (D:9) Frances (D:13) Agnes (D:14) Snorg (D:13) Josephine (D:12) Urug (D:10) Nergalle (D:12) Maggie (D:8) Psyche (D:12)
12 creatures vanquished. Natural Monsters An orc warlord (Bailey) A fire dragon (D:15) 4 boulder beetles 4 vault guards (D:14) An ice dragon (D:15) 13 hydras A merfolk avatar (Shoals:1) 3 catoblepae 12 two-headed ogres 3 ogre magi 3 centaur warriors 3 satyrs (Shoals:4) A merfolk aquamancer (Shoals:2) 8 death yaks (D:10) 3 tengu warriors An orc high priest (Orc:1) A fire crab (Lair:5) An unseen horror (D:11) A sea snake (Shoals:1) 2 deep trolls (Orc:2) 5 orc knights A deep elf pyromancer (D:12) 8 manticores 5 ugly things A wolf spider (D:13) 4 fauns 8 cyclopes 3 orc sorcerers A moth of wrath (shapeshifter) (D:13) 3 merfolk sirens 6 black mambas 2 water nymphs A torpor snail (Lair:5) 2 rime drakes 4 kobold demonologists 30 cane toads 9 komodo dragons A meliai (D:13) 8 merfolk A queen bee (D:9) 13 trolls 3 wind drakes A polar bear (shapeshifter) (D:14) 4 polar bears 4 tyrant leeches (Lair:6) 2 hornets 36 blink frogs A slime creature (D:14) 3 snapping turtles 3 dream sheep (Shoals:1) 2 spriggans (Lair:5) 6 basilisks 41 yaks 4 wyverns 5 hogs (Lair:4) A golden eye (shapeshifter) (D:15) An acid dragon (D:12) 2 wargs The ghost of Garrluk the Magician, an amateur DEFE (D:4) 15 water moccasins A floating eye (D:12) 2 sky beasts 36 orc warriors 6 ice beasts 5 black bears An eye of draining (shapeshifter) (D:15) The ghost of TimeIsEndless the Skirmisher, an amateur DsFi (D:4) 2 boggarts An eye of draining (D:15) 35 ogres 8 wolves 11 centaurs 6 kobold brigands 28 bullfrogs A gnoll sergeant (D:13) 3 scorpions 38 killer bees 5 howler monkeys 2 electric eels 10 hounds 4 jellies 16 orc priests 2 iguanas 22 orc wizards 6 worker ants 10 gnolls 18 adders 3 worms A dart slug (D:1) 6 leopard geckos 110 orcs 3 ball pythons 8 bats 5 giant cockroaches 32 goblins 24 hobgoblins 4 jackals 6 quokkas 4 frilled lizards 23 kobolds 9 rats
836 creatures vanquished. Non-Living Monsters 7 gargoyles 2 water elementals (Shoals:2)
9 creatures vanquished. Undead Monsters A harpy skeleton (D:15) A meliai zombie (D:14) 2 shadows (D:11) 5 wraiths (D:12) A vampire (D:12) 6 vampire mosquitoes (Lair:6) 2 phantoms 2 wyvern zombies 5 troll zombies (D:11) 14 wights 5 centaur zombies 4 bullfrog skeletons 3 centaur skeletons 3 ogre zombies (D:11) A worker ant zombie (D:8) 2 adder zombies 2 adder skeletons A goblin skeleton (D:11) A goblin zombie (D:11) 2 hobgoblin skeletons (D:11) 2 hobgoblin zombies (D:11) 3 leopard gecko skeletons A leopard gecko zombie (D:5) 3 orc skeletons (D:11) 16 orc zombies (D:11) 3 quokka skeletons (D:4) A quokka zombie (D:8)
92 creatures vanquished. Demonic Monsters A sixfirhy (D:12) 2 quasits 4 hell rats (Lair:4) 4 white imps
11 creatures vanquished. Plants 2 bushes (Lair:6) 31 fungi 113 plants 4 withered plants (D:4)
150 creatures vanquished.
1110 creatures vanquished. Ascending Order Rupert (D:15) Jorgrun (D:15) Kirke (Lair:4) Gastronok (D:9) Frances (D:13) Agnes (D:14) An orc warlord (Bailey) Snorg (D:13) A fire dragon (D:15) Josephine (D:12) An ice dragon (D:15) A merfolk avatar (Shoals:1) A merfolk aquamancer (Shoals:2) Urug (D:10) An orc high priest (Orc:1) Nergalle (D:12) A fire crab (Lair:5) A sixfirhy (D:12) An unseen horror (D:11) A sea snake (Shoals:1) A deep elf pyromancer (D:12) A wolf spider (D:13) A moth of wrath (shapeshifter) (D:13) Maggie (D:8) A torpor snail (Lair:5) Psyche (D:12) A meliai (D:13) A queen bee (D:9) A polar bear (shapeshifter) (D:14) A harpy skeleton (D:15) A slime creature (D:14) A meliai zombie (D:14) A vampire (D:12) A golden eye (shapeshifter) (D:15) An acid dragon (D:12) The ghost of Garrluk the Magician, an amateur DEFE (D:4) A floating eye (D:12) An eye of draining (shapeshifter) (D:15) The ghost of TimeIsEndless the Skirmisher, an amateur DsFi (D:4) An eye of draining (D:15) A gnoll sergeant (D:13) A worker ant zombie (D:8) A dart slug (D:1) A quokka zombie (D:8) A goblin zombie (D:11) A goblin skeleton (D:11) A leopard gecko zombie (D:5) 2 deep trolls (Orc:2) 2 water nymphs 2 rime drakes 2 hornets 2 shadows (D:11) 2 spriggans (Lair:5) 2 water elementals (Shoals:2) 2 wargs 2 sky beasts 2 boggarts 2 phantoms 2 wyvern zombies 2 electric eels 2 quasits 2 iguanas 2 adder zombies 2 adder skeletons 2 hobgoblin skeletons (D:11) 2 hobgoblin zombies (D:11) 2 bushes (Lair:6) 3 catoblepae 3 ogre magi 3 centaur warriors 3 satyrs (Shoals:4) 3 tengu warriors 3 orc sorcerers 3 merfolk sirens 3 wind drakes 3 snapping turtles 3 dream sheep (Shoals:1) 3 scorpions 3 centaur skeletons 3 ogre zombies (D:11) 3 worms 3 ball pythons 3 leopard gecko skeletons 3 quokka skeletons (D:4) 3 orc skeletons (D:11) 4 boulder beetles 4 vault guards (D:14) 4 fauns 4 kobold demonologists 4 polar bears 4 tyrant leeches (Lair:6) 4 wyverns 4 bullfrog skeletons 4 jellies 4 hell rats (Lair:4) 4 white imps 4 jackals 4 frilled lizards 4 withered plants (D:4) 5 orc knights 5 ugly things 5 wraiths (D:12) 5 hogs (Lair:4) 5 black bears 5 troll zombies (D:11) 5 howler monkeys 5 centaur zombies 5 giant cockroaches 6 black mambas 6 basilisks 6 vampire mosquitoes (Lair:6) 6 ice beasts 6 kobold brigands 6 worker ants 6 leopard geckos 6 quokkas 7 gargoyles 8 death yaks (D:10) 8 manticores 8 cyclopes 8 merfolk 8 wolves 8 bats 9 komodo dragons 9 rats 10 hounds 10 gnolls 11 centaurs 12 two-headed ogres 13 hydras 13 trolls 14 wights 15 water moccasins 16 orc priests 16 orc zombies (D:11) 18 adders 22 orc wizards 23 kobolds 24 hobgoblins 28 bullfrogs 30 cane toads 31 fungi 32 goblins 35 ogres 36 blink frogs 36 orc warriors 38 killer bees 41 yaks 110 orcs 113 plants
1110 creatures vanquished. The 3-digit Club 110 orcs 113 plants
223 creatures vanquished.

Action                   |  1- 3 |  4- 6 |  7- 9 | 10-12 | 13-15 | 16-18 || total
-------------------------+-------+-------+-------+-------+-------+-------++-------
Melee: Hand axe          |    31 |       |       |       |       |       ||    31
       Spear             |    76 |   242 |       |       |       |       ||   318
       Bite              |     7 |    21 |    26 |   141 |   203 |    71 ||   469
       Punch             |       |     2 |     1 |       |    13 |    16 ||    32
       Trident           |       |    33 |   316 |   120 |       |       ||   469
       Kick              |       |       |    27 |    42 |    42 |     8 ||   119
       Headbutt          |       |       |    16 |    21 |    31 |     4 ||    72
       Rapier            |       |       |       |    21 |       |       ||    21
       Dagger            |       |       |       |   564 |   668 |   174 ||  1406
       Unarmed           |       |       |       |    16 |   465 |   337 ||   818
 Fire: Shortbow          |       |       |    12 |       |       |       ||    12
       Hunting sling     |       |       |       |     7 |     3 |       ||    10
Throw: Dart              |    12 |    18 |    27 |    64 |     4 |     2 ||   127
       Boomerang         |       |     6 |       |    24 |       |       ||    30
       Javelin           |       |       |       |     9 |       |       ||     9
 Cast: Beastly Appendage |       |     2 |     9 |    11 |     7 |     2 ||    31
       Blink             |       |       |     2 |     1 |     4 |     1 ||     8
       Blade Hands       |       |       |       |     2 |    41 |    36 ||    79
       Manifold Assault  |       |       |       |    10 |    73 |    73 ||   156
       Ozocubu's Armour  |       |       |       |       |     8 |       ||     8
       Teleport Other    |       |       |       |       |     1 |     1 ||     2
       Gell's Gravitas   |       |       |       |       |     1 |       ||     1
       Apportation       |       |       |       |       |       |     2 ||     2
       Wereblood         |       |       |       |       |       |     1 ||     1
       Lesser Beckoning  |       |       |       |       |       |     1 ||     1
Invok: Slouch            |       |       |       |     2 |     1 |     4 ||     7
 Abil: End Transformatio |       |       |       |     1 |     7 |     3 ||    11
       Stop Flying       |       |       |       |       |     1 |       ||     1
       Evoke Flight      |       |       |       |       |     1 |       ||     1
Evoke: Wand              |       |       |     1 |       |     4 |     1 ||     6
       Tin of tremorston |       |       |       |       |     2 |       ||     2
  Use: Scroll            |       |     6 |     3 |     7 |    12 |     9 ||    37
       Potion            |       |       |     6 |     3 |     1 |     4 ||    14
 Stab: Sleeping          |     2 |     4 |     2 |     8 |    18 |    12 ||    46
       Distracted        |       |     1 |     1 |     2 |     3 |     2 ||     9
       Paralysed         |       |       |    11 |       |       |       ||    11
       Invisible         |       |       |     1 |       |       |       ||     1
       Petrified         |       |       |       |       |     3 |       ||     3
       Petrifying        |       |       |       |       |     1 |       ||     1
Armor: Leather armour    |    26 |    44 |    86 |    15 |       |       ||   171
       Acid dragon scale |       |       |       |    80 |   128 |    33 ||   241
Dodge: Dodged            |    77 |   159 |   188 |   371 |   860 |   353 ||  2008
       Repelled          |       |     1 |       |     2 |     1 |     4 ||     8
Block: Buckler           |       |       |    77 |   169 |   243 |    58 ||   547
       Other             |       |       |       |       |    52 |       ||    52
